[Event "*** Titled Tuesday Blitz"]
[Site "Chess.com"]
[Date "2018.09.04"]
[Round "1"]
[White "W_Amadeus"]
[Black "inegrepus"]
[Result "1-0"]
[WhiteElo "2564"]
[BlackElo "2217"]
[TimeControl "180+2"]
[EndTime "13:41:47 PDT"]
[Termination "W_Amadeus won by resignation"]

1. d4 Nf6 2. c4 e6 3. g3 Bb4+ 4.
Bd2 Qe7 5. Nf3 O-O 6. Bg2 a5 7.
O-O Bxd2 8. Qxd2 d6 9. Nc3 e5 10. Rac1 Nbd7 11. Rfd1 Re8 12. e3 h6 13. Nb5 Nf8 14. c5 e4 15. cxd6 cxd6 16. Ne1 Bg4 17. Rc7 Qd8 18. Rdc1 b6 19. R7c6 d5 20. Nc7 Ng6 21.
Nxa8 Qxa8 22. Rxb6 h5 23. Rb5 a4 24. Qa5 h4 25.
Qxa8 Rxa8 26. a3 h3 27. Bf1 Nh5 28. Rxd5 Rb8 29. Rb5 Re8 30. Nc2 f5 31. Nb4 Bf3 32. Bxh3 1-0

[Event "*** Titled Tuesday Blitz"]
[Site "Chess.com"]
[Date "2018.09.04"]
[Round "1"]
[White "Caisachess"]
[Black "area_5"]
[Result "0-1"]
[WhiteElo "2226"]
[BlackElo "2582"]
[TimeControl "180+2"]
[EndTime "13:41:52 PDT"]
[Termination "area_5 won by resignation"]

1. e4 g6 2. d4 Bg7 3. c3 d6 4. Nf3 Nc6 5. h3 e5 6. Bb5 Bd7 7. dxe5 Nxe5 8. Bxd7+ Qxd7 9. Nxe5 Bxe5 10. O-O Bg7 11.
f4 Nf6 12. Qf3 Qc6 13. Re1 O-O 14. Nd2 Rfe8 15. e5 dxe5 16. Qxc6 bxc6 17. fxe5 Nd7 18.
Nf3 Nxe5 19. Nxe5 Bxe5 20. Be3 a6 21. Rad1 Bd6 22. Bd4 f5 23. Kf2 Kf7 24. Kf3 Rxe1 25. Rxe1 Re8 26. Rxe8 Kxe8 27. h4 Kf7 28. Be3 Ke6 29. h5 Kd5 30. hxg6 hxg6 31. b3 Be5 32. Bd2 c5 33. Ke3 c4 34. b4 g5 35. Kf3 g4+ 36. Ke2 c6 37. a4 Ke4 38. Be1 f4 39. Bd2 Bf6 40. Be1 Bh8 41. Bd2 Bg7 42. Be1 Bf6 43.
Bd2 Bh4 44. a5 Bf6 45. Kf2 Bh4+ 46. Ke2 Bg3 47. Bc1 f3+ 48. gxf3+ gxf3+ 49. Kf1 Kd3 0-1

[Event "*** Titled Tuesday Blitz"]
[Site "Chess.com"]
[Date "2018.09.04"]
[Round "1"]
[White "Fighterman91"]
[Black "Blagorod"]
[Result "1-0"]
[WhiteElo "2475"]
[BlackElo "1997"]
[TimeControl "180+2"]
[EndTime "13:41:52 PDT"]
[Termination "Fighterman91 won by checkmate"]

1. d4 d5 2. Bf4 c5 3. e3 e6 4. c3 Nf6 5. Nd2 c4 6. e4 Nc6 7. Qc2 Be7 8. Be2 O-O 9. Ngf3 Nh5 10. Be3 dxe4 11. Nxe4 f5 12. Ng3 f4 13. Nxh5 fxe3 14.
fxe3 e5 15. Bxc4+ Kh8 16. Ng3 Bg4 17. O-O-O exd4 18. exd4 Bxf3 19. gxf3 Rxf3 20. Rhf1 Qf8 21. Bd5 Bg5+ 22. Kb1 Rxf1 23. Rxf1 Qd6 24. Qe4 Rd8 25. Bb3 Qh6 26. Qf5 g6 27. Qb5 Qxh2 28. Qxg5 Re8 29. Qf6# 1-0

[Event "*** Titled Tuesday Blitz"]
[Site "Chess.com"]
[Date "2018.09.04"]
[Round "1"]
[White "jerom555888"]
[Black "chess_rehab"]
[Result "1-0"]
[WhiteElo "2598"]
[BlackElo "2245"]
[TimeControl "180+2"]
[EndTime "13:41:55 PDT"]
[Termination "jerom555888 won by checkmate"]

1. Nf3 c5 2. g3 Nf6 3. Bg2 g6 4.
c4 Bg7 5. Nc3 d5 6. cxd5 Nxd5 7.
O-O O-O 8. Nxd5 Qxd5 9. d3 Nc6 10. Be3 Bd7 11. Nd4 Qd6 12. Nxc6 Bxc6 13. Bxc6 Qxc6 14.
Rc1 Qa6 15. Qb3 b6 16. Rc4 Rad8 17. Ra4 Qb7 18. Bxc5 Rfe8 19. Be3 h5 20. Rc1 Rc8 21. Rac4 Rxc4 22. Qxc4 Bxb2 23. Qb5 Bxc1 24. Qxe8+ Kg7 25. Bxc1 h4 26. Bb2+ f6 27. g4 h3 28.
f3 Qc7 29. g5 Qc5+ 30. Kf1 Qxg5 31. Qxe7+ Kh6 32. Qf8+ Kh7 33. Qxf6 Qg2+ 34. Ke1 Qg1+ 35. Kd2 Kh6 36. Qh4# 1-0

[Event "*** Titled Tuesday Blitz"]
[Site "Chess.com"]
[Date "2018.09.04"]
[Round "1"]
[White "ulises2013"]
[Black "Nowaybacksasha"]
[Result "1/2-1/2"]
[WhiteElo "2452"]
[BlackElo "2810"]
[TimeControl "180+2"]
[EndTime "13:41:58 PDT"]
[Termination "Game drawn by repetition"]

1. e4 c5 2. g3 Nc6 3. Bg2 g6 4. Ne2 Bg7 5. O-O Nf6 6. c3 d5 7. exd5 Nxd5 8. d4 cxd4 9. cxd4 O-O 10. Nbc3 Be6 11. Ne4 Bg4 12. f3 Bc8 13. N4c3 Nb6 14. d5 Nb4 15. f4 Bf5 16. a3 Nc2 17. g4 Nxa1 18. gxf5 Nc4 19. fxg6 hxg6 20. f5 Qb6+ 21. Kh1 Nb3 22. Na4 Qb5 23. Nac3 Qb6 24. Na4 Qb5 25.
Nac3 Qb6 26. Na4 1/2-1/2

[Event "*** Titled Tuesday Blitz"]
[Site "Chess.com"]
[Date "2018.09.04"]
[Round "1"]
[White "NemtsevIgor"]
[Black "snowlord"]
[Result "0-1"]
[WhiteElo "2387"]
[BlackElo "2725"]
[TimeControl "180+2"]
[EndTime "13:42:02 PDT"]
[Termination "snowlord won by checkmate"]

1. c3 e5 2. Qa4 Nf6 3. g4 h6 4.
h3 c6 5. d3 d5 6. Bg2 Nbd7 7.
Nd2 g6 8. Nf1 Bg7 9. Ng3 a5 10.
Nf3 b5 11. Qc2 Qe7 12. a4 h5 13. Bg5 hxg4 14. hxg4 Rxh1+ 15. Bxh1 Bb7 16. axb5 cxb5 17.
e4 a4 18. Kf1 Qe6 19. exd5 Bxd5 20. Re1 Kf8 21. Bxf6 Bxf6 22. g5 Bg7 23. Bg2 Qc6 24.
Ne4 Nc5 25. Nfd2 Ne6 26. Bh3 Nf4 27. Bg4 Rd8 28. c4 Nxd3 29. Re3 bxc4 30. Nf6 Bxf6 31. gxf6 Qxf6 32. Ne4 Qf4 33. Bf3 f5 34. Nd2 e4 35.
Bg2 Qxf2# 0-1

[Event "*** Titled Tuesday Blitz"]
[Site "Chess.com"]
[Date "2018.09.04"]
[Round "1"]
[White "ChessicallyInclined"]
[Black "GHANDEEVAM2003"]
[Result "0-1"]
[WhiteElo "2344"]
[BlackElo "2699"]
[TimeControl "180+2"]
[EndTime "13:42:02 PDT"]
[Termination "GHANDEEVAM2003 won by resignation"]

1. d4 Nf6 2. c4 g6 3. Nc3 Bg7 4. e4 d6 5. f3 O-O 6. Be3 Nc6 7. Nge2 a6 8. Qd2 Rb8 9. Rc1 Bd7 10. Nd1 b5 11. c5 e5 12. d5 Ne7 13. c6 Bc8 14. g4 Ne8 15. h4 f5 16. h5 fxe4 17. fxe4 Nf6 18. Nf2 Nxg4 19. Nxg4 Bxg4 20. hxg6 Nxg6 21. Rg1 Nh4 22. Rxg4 Nf3+ 23. Kd1 Nxd2 24. Kxd2 Kh8 25. Bh3 Qf6 26. Ng3 Bh6 27. Nf5 Bxe3+ 28. Kxe3 Rg8 29. Rcg1 Rxg4 30. Rxg4 Rg8 31. Rxg8+ Kxg8 32. Kf2 Qg5 33. Nxd6 Qf4+ 34. Kg2 cxd6 35. Be6+ Kg7 36. c7 Qxe4+ 37. Kg3 Qd3+ 0-1

[Event "*** Titled Tuesday Blitz"]
[Site "Chess.com"]
[Date "2018.09.04"]
[Round "1"]
[White "MFguimaraes"]
[Black "Korchmar_Vasiliy"]
[Result "0-1"]
[WhiteElo "2307"]
[BlackElo "2650"]
[TimeControl "180+2"]
[EndTime "13:42:02 PDT"]
[Termination "Korchmar_Vasiliy won by resignation"]

1. e4 c5 2. Nf3 e6 3. g3 Nc6 4.
Bg2 Nf6 5. Qe2 d6 6. O-O Be7 7. Re1 e5 8. Nc3 Bg4 9. d3 Nd4 10. Qd1 O-O 11. a4 h6 12. Nb5 Qd7 13. Nbxd4 cxd4 14. c4 a5 15. Qb3 Qc8 16. Bd2 Nd7 17. Reb1 Nc5 18. Qc2 f5 19. exf5 Qxf5 20. Nh4 Qxf2+ 21. Kh1 Bxh4 22. Rf1 Qe2 23. gxh4 Nxd3 24. c5 dxc5 25. Qc4+ Kh8 26. h3 Nf2+ 27. Rxf2 Qxc4 28. Rxf8+ Rxf8 29.
hxg4 Qe2 30. Bxa5 Qxb2 31. Rg1 c4 32. Bc7 d3 33. Bxe5 Qxe5 0-1

[Event "*** Titled Tuesday Blitz"]
[Site "Chess.com"]
[Date "2018.09.04"]
[Round "1"]
[White "PowerThinking2650"]
[Black "gammagramma"]
[Result "0-1"]
[WhiteElo "2221"]
[BlackElo "2569"]
[TimeControl "180+2"]
[EndTime "13:42:06 PDT"]
[Termination "gammagramma won on time"]

1. e4 Nc6 2. d4 d5 3. exd5 Qxd5 4. Be3 Nf6 5. c4 Qa5+ 6. Nc3 Bg4 7. f3 Bf5 8. a3 e5 9. d5 Nd4 10. Bxd4 exd4 11. Qxd4 Nd7 12. Qe3+ Be7 13. b4 Qb6 14. c5 Qf6 15. g4 Bg6 16. Bb5 O-O-O 17. Nge2 a6 18.
Bxd7+ Rxd7 19. c6 bxc6 20. Qa7 Rxd5 21. Nxd5 cxd5 22. Rc1 Bd6 23. Qa8+ Kd7 24. Qxh8 Bd3 25.
Kf2 Bxe2 26. Kxe2 Qb2+ 0-1

[Event "*** Titled Tuesday Blitz"]
[Site "Chess.com"]
[Date "2018.09.04"]
[Round "1"]
[White "dretch"]
[Black "evgenysharapov"]
[Result "1-0"]
[WhiteElo "2757"]
[BlackElo "2404"]
[TimeControl "180+2"]
[EndTime "13:42:07 PDT"]
[Termination "dretch won by resignation"]

1. d4 d5 2. c4 c6 3. Nc3 Nf6 4.
e3 e6 5. Bd3 Nbd7 6. e4 dxe4 7.
Nxe4 Nxe4 8. Bxe4 Nf6 9. Bc2 Be7 10. Nf3 O-O 11. O-O b6 12. Qd3 Bb7 13. Bg5 g6 14. Rfe1 Nd7 15. Bh6 Re8 16. Rad1 Bf6 17. h4 c5 18. Ba4 cxd4 19. b4 e5 20. Qe2 Re7 21. Bg5 Bxg5 22. hxg5 Bxf3 23. Qxf3 Rc8 24.
Bc6 Qc7 25. Bd5 Kg7 26. Rxd4 f5 27. Rh4 h5 28. gxh6+ Kh7 29. g4 e4 30. gxf5 g5 31. Rhxe4 Ne5 32. Qg3 Rce8 33. f6 1-0

[Event "*** Titled Tuesday Blitz"]
[Site "Chess.com"]
[Date "2018.09.04"]
[Round "1"]
[White "ecwinslow"]
[Black "Kouzari"]
[Result "1-0"]
[WhiteElo "2038"]
[BlackElo "2460"]
[TimeControl "180+2"]
[EndTime "13:42:09 PDT"]
[Termination "ecwinslow won on time"]

1. e4 c5 2. Nf3 e6 3. d4 cxd4 4. Nxd4 a6 5. Nc3 Qc7 6. Bd3 Nf6 7. Qe2 d6 8. Bd2 Nbd7 9. f4 b5 10. Nf3 Bb7 11. O-O Be7 12. Rae1 g6 13. Kh1 h5 14. a3 h4 15. Ng5 Nh5 16. Qg4 Bxg5 17. Qxg5 h3 18.
g4 Nhf6 19. Kg1 Qc5+ 20. Be3 Qxg5 21. fxg5 Nxg4 22. Bf4 Nge5 23. b4 1-0

[Event "*** Titled Tuesday Blitz"]
[Site "Chess.com"]
[Date "2018.09.04"]
[Round "1"]
[White "eljanov"]
[Black "b_6"]
[Result "1-0"]
[WhiteElo "2746"]
[BlackElo "2400"]
[TimeControl "180+2"]
[EndTime "13:42:10 PDT"]
[Termination "eljanov won by resignation"]

1. c4 e6 2. Nc3 d5 3. d4 Nf6 4. cxd5 Nxd5 5. e4 Nxc3 6. bxc3 c5 7. Nf3 cxd4 8. cxd4 Bb4+ 9. Bd2 Bxd2+ 10. Qxd2 O-O 11. Bc4 b6 12. O-O Bb7 13. d5 exd5 14. Bxd5 Bxd5 15. exd5 Nd7 16. d6 Re8 17. Rfe1 Nc5 18.
Qd5 Qd7 19. Rad1 Rad8 20. Rxe8+ Rxe8 21. Ne5 Qe6 22. Qxe6 fxe6 23. h4 g6 24. g4 Kg7 25.
g5 Rd8 26. d7 Kf8 27. Kg2 a5 28. a4 Kg7 29. Kf3 Kf8 30. Ke3 Kg7 31. Rd4 Kf8 32. Ke2 Kg7 33. Kd1 Kf8 34. Kc2 Kg7 35. Kc3 Kf8 36.
Kc4 Nxa4 37. Nc6 Nb2+ 38. Kb5 1-0

[Event "*** Titled Tuesday Blitz"]
[Site "Chess.com"]
[Date "2018.09.04"]
[Round "1"]
[White "GMHess"]
[Black "lucasmito"]
[Result "1-0"]
[WhiteElo "2702"]
[BlackElo "2350"]
[TimeControl "180+2"]
[EndTime "13:42:11 PDT"]
[Termination "GMHess won by resignation"]

1. d4 Nf6 2. c4 g6 3. Nc3 d5 4. Bg5 Ne4 5. Bh4 Nxc3 6. bxc3 Bg7 7. e3 O-O 8. Nf3 c5 9. cxd5 cxd4 10. cxd4 Qxd5 11.
Bxe7 Re8 12. Bh4 Nc6 13. Be2 Qa5+ 14. Qd2 Qxd2+ 15. Kxd2 Bf5 16. Bd3 Bxd3 17. Kxd3 Rac8 18. Rab1 Na5 19. Rhc1 Bf8 20. Bg3 b6 21. Nd2 Ba3 22.
Rxc8 Rxc8 23. d5 Kf8 24. e4 Ke7 25. e5 Bc5 26. Ne4 Ba3 27. Bh4+ Kf8 28. d6 Nb7 29.
Rb3 Bc5 30. Be7+ Kg7 31. d7 Ra8 32. Nxc5 Nxc5+ 33. Bxc5 bxc5 34. Kc4 Kf8 35. Kxc5 Ke7 36. Kc6 a5 37. Rd3 Kd8 38. Kb7 Ra6 1-0

[Event "*** Titled Tuesday Blitz"]
[Site "Chess.com"]
[Date "2018.09.04"]
[Round "1"]
[White "Divertissement"]
[Black "AndrewDGreen"]
[Result "1-0"]
[WhiteElo "2537"]
[BlackElo "2192"]
[TimeControl "180+2"]
[EndTime "13:42:12 PDT"]
[Termination "Divertissement won by resignation"]

1. d4 Nf6 2. Nf3 g6 3. c4 Bg7 4. g3 O-O 5. Bg2 d6 6. O-O c6 7. Nc3 Bf5 8. Nh4 Be6 9. b3 Qd7 10. Re1 d5 11. cxd5 cxd5 12. Nf3 Nc6 13. Ne5 Qd8 14. Nxc6 bxc6 15. Ba3 Re8 16. Rc1 Nd7 17. Na4 Rc8 18. Qd2 f6 19. e4 Bf7 20. Nc5 Nxc5 21. Bxc5 Qd7 22. e5 fxe5 23. dxe5 Be6 24. Qd4 Rc7 25.
f4 Bf5 26. Rc3 e6 27. Rec1 Rec8 28. h3 h5 29. Kh2 Bh6 30. h4 Bg4 31. b4 Qf7 32. a4 Qe8 33. Bd6 Rb7 34. b5 Bf8 35. Rxc6 Rxc6 36. Rxc6 Bg7 37. Qc5 Rd7 38. a5 Kh7 39. b6 axb6 40. axb6 Rb7 41. Rc7 Rb8 42. Rxg7+ Kxg7 43. Bxb8 Qxb8 44. Qc7+ 1-0

[Event "*** Titled Tuesday Blitz"]
[Site "Chess.com"]
[Date "2018.09.04"]
[Round "1"]
[White "GrigorGrigorov"]
[Black "JoakimVonAnd"]
[Result "1-0"]
[WhiteElo "2710"]
[BlackElo "2359"]
[TimeControl "180+2"]
[EndTime "13:42:13 PDT"]
[Termination "GrigorGrigorov won by resignation"]

1. d4 Nf6 2. c4 e6 3. Nf3 d5 4. g3 Bb4+ 5. Bd2 Be7 6. Bg2 O-O 7. O-O Nbd7 8. Qc2 c6 9. b3 b6 10.
Rd1 Bb7 11. Nc3 c5 12. cxd5 Nxd5 13. Nxd5 Bxd5 14. e4 Bb7 15. Bc3 cxd4 16. Nxd4 Qc8 17. Qb2 Bf6 18. Rac1 Nc5 19. Nb5 Bxc3 20. Nxc3 Rd8 21.
Rxd8+ Qxd8 22. Rd1 Qf6 23. Qd2 h6 24. b4 Na6 25. a3 Rc8 26. Nb5 Nc7 27. e5 Qxe5 28.
Bxb7 Rb8 29. Nxc7 Rxb7 30. Qd8+ Kh7 31. Qd3+ g6 32. Ne8 Rb8 33. Qd7 Kg8 34. Nd6 Rf8 35.
Kg2 a5 36. Rd3 axb4 37. axb4 h5 38. h4 Kg7 39. Rf3 Qd5 40. Ne8+ Kh8 41. Qe7 Rg8 42.
Qxf7 1-0

[Event "*** Titled Tuesday Blitz"]
[Site "Chess.com"]
[Date "2018.09.04"]
[Round "1"]
[White "aa175"]
[Black "Supernotar"]
[Result "0-1"]
[WhiteElo "1968"]
[BlackElo "2468"]
[TimeControl "180+2"]
[EndTime "13:42:18 PDT"]
[Termination "Supernotar won by checkmate"]

1. d4 d5 2. e3 Nf6 3. Nf3 e6 4. c4 dxc4 5. Bxc4 a6 6. Nc3 b5 7.
Bb3 Bb7 8. O-O Nbd7 9. a4 b4 10. Na2 c5 11. Bd2 a5 12. Rc1 Be7 13. Rc2 Be4 14.
Rc1 O-O 15. Ng5 Bb7 16. Bxe6 fxe6 17. Nxe6 Qb6 18. Nxf8 Rxf8 19. dxc5 Nxc5 20. f3 Nd3 21. Rc4 Nxb2 22. Rxb4 axb4 23. Qb3+ Nd5 24. Qxb2 Nxe3 25.
a5 Qa7 26. Bxe3 Qxe3+ 27. Kh1 b3 28. Nc3 Qe6 29. Ra1 Bf6 30. Rb1 Bd5 31. Nxd5 Bxb2 32. Nf4 Rxf4 33. a6 Qxa6 34. g3 Rxf3 35. Kg2 Qe2+ 36.
Kh3 Rf6 37. Rxb2 Rh6# 0-1

[Event "*** Titled Tuesday Blitz"]
[Site "Chess.com"]
[Date "2018.09.04"]
[Round "1"]
[White "josiwales"]
[Black "Genghis_K"]
[Result "0-1"]
[WhiteElo "2450"]
[BlackElo "2868"]
[TimeControl "180+2"]
[EndTime "13:42:24 PDT"]
[Termination "Genghis_K won by resignation"]

1. e4 c6 2. d4 d5 3. e5 Bf5 4. h4 h6 5. g4 Bd7 6. Bg2 h5 7. g5 Bf5 8. Ne2 e6 9. Ng3 Ne7 10.
Nxh5 Ng6 11. Ng3 Rxh4 12. Nxf5 Rxh1+ 13. Bxh1 exf5 14. Qf3 Qd7 15. a3 Na6 16. Be3 Nc7 17.
Nd2 f4 18. Bxf4 Qf5 19. Be3 Qxc2 20. b4 Qc3 21. Qd1 Nb5 22. Kf1 Nxd4 23. Rc1 Qd3+ 24. Ke1 Nf5 25. Qa4 Nxe5 26. b5 Nxe3 27. bxc6 b5 28.
Qf4 N5c4 29. Nxc4 dxc4 30. fxe3 Bxa3 31. c7 Rc8 32. Rd1 Bb4+ 33. Kf2 Qxd1 34. Bc6+ Kf8 35. Bb7 Qd2+ 36. Kf3 Bd6 37. Qf5 Rxc7 0-1

[Event "*** Titled Tuesday Blitz"]
[Site "Chess.com"]
[Date "2018.09.04"]
[Round "1"]
[White "Mbneu"]
[Black "Oneofmyturns"]
[Result "0-1"]
[WhiteElo "2260"]
[BlackElo "2599"]
[TimeControl "180+2"]
[EndTime "13:42:24 PDT"]
[Termination "Oneofmyturns won by resignation"]

1. d4 Nf6 2. c4 g6 3. Nc3 d5 4. cxd5 Nxd5 5. g3 Bg7 6. Bg2 Nb6 7. Nf3 O-O 8. O-O Na6 9. e4 c5 10. d5 e6 11. Bg5 f6 12. Be3 exd5 13. Nxd5 Nxd5 14. Qxd5+ Qxd5 15. exd5 b6 16. Nd2 Bd7 17. a3 Rad8 18. Rac1 f5 19. b3 Nc7 20. Bf4 Nb5 21. Nc4 Nd4 22. Rb1 Ne2+ 23. Kh1 Nxf4 24. gxf4 Bh6 25. Ne5 Bb5 26. Rfd1 Bxf4 27. Nc6 Rd7 28.
b4 Ba4 29. Re1 c4 30. Nd4 Rc8 31. Ne6 Bd2 32. Rg1 c3 33. Ra1 c2 34. Rac1 Bxc1 35. Rxc1 Bb3 36. Nf4 g5 37. Nh5 Kf7 38. Ng3 Bxd5 39.
Nxf5 Bxg2+ 40. Kxg2 Rd1 0-1

[Event "*** Titled Tuesday Blitz"]
[Site "Chess.com"]
[Date "2018.09.04"]
[Round "1"]
[White "lhavas"]
[Black "ElHelvetico"]
[Result "0-1"]
[WhiteElo "2319"]
[BlackElo "2655"]
[TimeControl "180+2"]
[EndTime "13:42:26 PDT"]
[Termination "ElHelvetico won by resignation"]

1. d4 Nf6 2. Bg5 d5 3. Nc3 c5 4. e3 Nc6 5. Nf3 Bg4 6. Be2 e6 7. O-O cxd4 8. Nxd4 Bxe2 9. Qxe2 Be7 10. Nxc6 bxc6 11.
Rad1 O-O 12. Qf3 Qb6 13. Na4 Qb4 14. b3 h6 15. Bxf6 Bxf6 16. Rfe1 Rfd8 17. h3 c5 18. Qg3 c4 19. Qg4 Rac8 20. Qf4 a5 21. Qg4 cxb3 22. Qxb4 axb4 23. cxb3 Rc2 24. e4 Rxa2 25. exd5 Rxd5 26. Rxd5 exd5 27. Rd1 Ra1 28. Rxa1 Bxa1 29. Kf1 Bd4 30. f3 f5 31. Ke2 Kf7 32. Kd3 Bg1 33. Nb2 Ke6 34. Ke2 Bd4 35. Nd3 Bc3 36. Nf4+ Ke5 37. g3 g5 38. Ng6+ Kf6 39. Nf8 Ke7 40. Ng6+ Kf7 0-1

[Event "*** Titled Tuesday Blitz"]
[Site "Chess.com"]
[Date "2018.09.04"]
[Round "1"]
[White "LucaBrasi1968"]
[Black "Polish_fighter3000"]
[Result "0-1"]
[WhiteElo "2456"]
[BlackElo "2911"]
[TimeControl "180+2"]
[EndTime "13:42:27 PDT"]
[Termination "Polish_fighter3000 won by resignation"]

1. d4 Nf6 2. Nf3 e6 3. Bg5 h6 4. Bh4 d5 5. e3 Be7 6. Bd3 b6 7. O-O Bb7 8. Nbd2 c5 9. c3 Nbd7 10. h3 O-O 11. Bg3 a6 12. a4 Ne4 13. Bh2 f5 14.
Ne5 Nxe5 15. Bxe5 Bd6 16. Bxd6 Qxd6 17. Nf3 Ng5 18. Ne5 Nf7 19. f4 c4 20. Bc2 Nxe5 21.
fxe5 Qe7 22. b3 b5 23. axb5 axb5 24. b4 Bc6 25. Qd2 Rfb8 26. Qf2 Be8 27. Rfc1 Ra7 28. Bd1 Rba8 29. Rxa7 Rxa7 30. Qb2 Qg5 31. Qf2 Ra3 32.
Qf4 Qe7 33. g4 Bg6 34. gxf5 Bxf5 35. Bg4 Be4 36. Bf3 Bd3 37. Bg4 Kh7 38. Qf2 Qg5 39.
Qf4 Qg6 40. Qf3 h5 41. Qg3 hxg4 42. hxg4 Be4 43. Rf1 Ra2 44. Rf2 Rxf2 45. Kxf2 Qf7+ 46.
Kg1 g5 47. Qh3+ Kg7 48. Qg3 Qf3 0-1

[Event "*** Titled Tuesday Blitz"]
[Site "Chess.com"]
[Date "2018.09.04"]
[Round "1"]
[White "lavr92"]
[Black "Gougoune25"]
[Result "1-0"]
[WhiteElo "2588"]
[BlackElo "2233"]
[TimeControl "180+2"]
[EndTime "13:42:28 PDT"]
[Termination "lavr92 won by resignation"]

1. d4 Nf6 2. c4 g6 3. Nc3 d5 4.
Qb3 dxc4 5. Qxc4 b6 6. e4 Ba6 7. Qa4+ Qd7 8. Qxd7+ Nfxd7 9. Bxa6 Nxa6 10. Bf4 e5 11.
dxe5 Bg7 12. Nf3 O-O 13. O-O-O Ndc5 14. a3 Rad8 15. Kc2 Ne6 16. Bg3 g5 17. Nd5 h5 18. h4 g4 19. Ng5 c5 20. Ne7+ Kh8 21. Nxe6 fxe6 22. Ng6+ Kg8 23. Nxf8 Rxf8 24. Rd7 Nb8 25.
Rc7 1-0

[Event "*** Titled Tuesday Blitz"]
[Site "Chess.com"]
[Date "2018.09.04"]
[Round "1"]
[White "Mikhail_Golubev"]
[Black "Anton_Demchenko"]
[Result "0-1"]
[WhiteElo "2411"]
[BlackElo "2766"]
[TimeControl "180+2"]
[EndTime "13:42:32 PDT"]
[Termination "Anton_Demchenko won by resignation"]

1. e4 c5 2. Nf3 d6 3. d4 cxd4 4. Nxd4 Nf6 5. Nc3 Nc6 6. Bc4 e6 7. Be3 a6 8. Bb3 Na5 9. f4 Be7 10.
O-O O-O 11. e5 Ne8 12. Qh5 Nxb3 13. axb3 f5 14. exd6 Bxd6 15. Rfd1 Qe7 16. Qf3 Rb8 17. Re1 Nf6 18. Rad1 Bc7 19. Kh1 Qf7 20. b4 Bd7 21. b5 Ng4 22. Bg1 Rfc8 23. Qe2 Bxf4 24. Nxe6 Re8 25.
Nxf4 Rxe2 26. Rxe2 axb5 27. Ncd5 Re8 28. Rxe8+ Bxe8 29. h3 Bc6 30. hxg4 fxg4 31. g3 g5 0-1

[Event "*** Titled Tuesday Blitz"]
[Site "Chess.com"]
[Date "2018.09.04"]
[Round "1"]
[White "Pudor"]
[Black "farzadbfd"]
[Result "1-0"]
[WhiteElo "2213"]
[BlackElo "2522"]
[TimeControl "180+2"]
[EndTime "13:42:33 PDT"]
[Termination "Pudor won by resignation"]

1. d4 d5 2. c4 e6 3. Nc3 Nf6 4. cxd5 exd5 5. Bg5 c6 6. e3 Be7 7. Bd3 O-O 8. Qc2 Nbd7 9. Nge2 Re8 10. O-O Nf8 11.
f3 Be6 12. Rad1 Rc8 13. Kh1 c5 14. dxc5 Bxc5 15. Bf5 h6 16. Bxe6 fxe6 17. Bxf6 Qxf6 18. e4 d4 19. Na4 b6 20. Qb3 Ng6 21. f4 Kh7 22. e5 Qh4 23. Nxd4 Rcd8 24. Nxc5 bxc5 25.
Ne2 Rxd1 26. Qxd1 Ne7 27. Qc2+ Nf5 28. Ng3 Rf8 29. Nxf5 Rxf5 30. g3 Qe7 31. g4 g6 32.
gxf5 Qb7+ 33. Qg2 1-0

[Event "*** Titled Tuesday Blitz"]
[Site "Chess.com"]
[Date "2018.09.04"]
[Round "1"]
[White "jncool68"]
[Black "nitpicker"]
[Result "1-0"]
[WhiteElo "2504"]
[BlackElo "2144"]
[TimeControl "180+2"]
[EndTime "13:42:33 PDT"]
[Termination "jncool68 won on time"]

1. e4 c5 2. Nf3 d6 3. Bb5+ Nd7 4.
c3 Nf6 5. Qe2 e5 6. O-O a6 7.
Ba4 b5 8. Bc2 Be7 9. Rd1 Qc7 10.
d4 c4 11. Nbd2 Bb7 12. Nf1 O-O 13. Ng3 g6 14. Bg5 Kg7 15. Qd2 Rfd8 16. h4 Ng8 17.
h5 f6 18. Be3 d5 19. hxg6 hxg6 20. exd5 Bxd5 21. Nh4 Bf7 22. Qe2 f5 23. Nhxf5+ gxf5 24. Nxf5+ Kf8 25. Qg4 Bf6 26. d5 Nc5 27. d6 Qc6 28.
Bg5 Bh8 29. Qh4 Ne6 30. Bxd8 Rxd8 31. Qxh8 e4 32. Nd4 Qc5 33. Nxe6+ Bxe6 34. Bxe4 Qg5 35. f4 Qg3 36. Qe5 Qe3+ 37. Kf1 1-0

[Event "*** Titled Tuesday Blitz"]
[Site "Chess.com"]
[Date "2018.09.04"]
[Round "1"]
[White "gemarin"]
[Black "RiskyDecision"]
[Result "0-1"]
[WhiteElo "2098"]
[BlackElo "2503"]
[TimeControl "180+2"]
[EndTime "13:42:33 PDT"]
[Termination "RiskyDecision won on time"]

1. d4 Nf6 2. c4 e6 3. Nf3 d5 4.
Nc3 dxc4 5. e3 a6 6. a4 c5 7.
Bxc4 Nc6 8. O-O Be7 9. Qe2 O-O 10. Rd1 Qc7 11. h3 Rd8 12. b3 cxd4 13. exd4 Na5 14. Bb2 Bd7 15. d5 Nxc4 16. bxc4 Rac8 17. Ne5 exd5 18. Nxd5 Nxd5 19. cxd5 Be8 20. Rac1 Qb8 21. Nc4 Bf8 22. a5 Bb5 23. Qe4 Re8 24. Qd4 Bxc4 25. Rxc4 Rxc4 26. Qxc4 Qd6 27. f4 f6 28. Bc3 Re3 29.
Rb1 Qc5 30. Qxc5 Bxc5 0-1

[Event "*** Titled Tuesday Blitz"]
[Site "Chess.com"]
[Date "2018.09.04"]
[Round "1"]
[White "tigra"]
[Black "ChainsOfFantasia"]
[Result "0-1"]
[WhiteElo "2685"]
[BlackElo "2401"]
[TimeControl "180+2"]
[EndTime "13:42:36 PDT"]
[Termination "ChainsOfFantasia won by resignation"]

1. e4 c6 2. d4 d5 3. Nc3 dxe4 4. Nxe4 Bf5 5. Ng3 Bg6 6. c3 e6 7. N1e2 Nf6 8. Nf4 Bd6 9. Be3 Qc7 10. Qd2 Nbd7 11.
Bd3 Bxd3 12. Nxd3 O-O 13. O-O-O c5 14. dxc5 Nxc5 15. Nxc5 Bxc5 16. Bxc5 Qxc5 17. Rhe1 b5 18. Ne4 Nxe4 19. Rxe4 a5 20. g3 b4 21. c4 a4 22.
Qe3 Qc7 23. c5 b3 24. a3 h6 25. Rd3 Rfc8 26. Rc4 Qc6 27. f3 Ra5 28. Kd2 Rxc5 29.
Rxc5 Qxc5 30. Qxc5 Rxc5 31. Rc3 Rd5+ 32. Ke2 g5 33. Rc4 Ra5 34. Kd2 Kg7 35. Kc3 Rf5 36. Kb4 Rxf3 37. Kxa4 e5 38. Kb4 f5 39. Rc3 e4 40. Kxb3 f4 41. a4 Rf1 42. gxf4 gxf4 43. a5 f3 44. Rc7+ Kf6 45. Rc8 e3 46. a6 e2 47. a7 Ra1 48. Rf8+ Kg5 49. Rg8+ Kh5 0-1

[Event "*** Titled Tuesday Blitz"]
[Site "Chess.com"]
[Date "2018.09.04"]
[Round "1"]
[White "Vegan4future"]
[Black "AlexanderL"]
[Result "0-1"]
[WhiteElo "2421"]
[BlackElo "2809"]
[TimeControl "180+2"]
[EndTime "13:42:42 PDT"]
[Termination "AlexanderL won by resignation"]

1. d4 e6 2. Nf3 c5 3. g3 cxd4 4. Nxd4 d5 5. Bg2 e5 6. Nb3 Be6 7. O-O Nc6 8. c3 Nf6 9. Be3 Be7 10. Nc5 Bc8 11. Nb3 O-O 12. N1d2 b6 13. Nf3 Be6 14.
Ng5 Bf5 15. c4 Nb4 16. cxd5 Nfxd5 17. Nf3 Nxe3 18. fxe3 Nc2 19. Nxe5 Nxe3 20. Qxd8 Raxd8 21. Nc6 Rd7 22. Rxf5 Nxf5 23. Bh3 Rc7 24. Nxa7 Rxa7 25. Bxf5 Bf6 26. a4 Bxb2 27. Rb1 Be5 28. Nd2 Rxa4 29. Nf3 Bd6 30. Kg2 Bc5 31. h4 Re8 32. Bd3 g6 33.
Bb5 Rae4 34. Bxe8 Rxe2+ 35. Kh3 Rxe8 36. Nd2 Re6 37. Nc4 h5 38. g4 hxg4+ 39. Kxg4 Re4+ 40. Kg3 Rxc4 41. h5 gxh5 42. Kh3 h4 43. Rd1 Kf8 44. Rd8+ Kg7 45. Rb8 Kf6 46. Rb7 Kg6 47. Rb8 f6 48. Rg8+ Kf5 49. Rb8 Rc3+ 50. Kg2 h3+ 51. Kh1 Rc1+ 52.
Kh2 Bd6+ 53. Kxh3 Bxb8 0-1

[Event "*** Titled Tuesday Blitz"]
[Site "Chess.com"]
[Date "2018.09.04"]
[Round "1"]
[White "chesstatour"]
[Black "Fighter008"]
[Result "0-1"]
[WhiteElo "1984"]
[BlackElo "2472"]
[TimeControl "180+2"]
[EndTime "13:42:42 PDT"]
[Termination "Fighter008 won by resignation"]

1. c4 e5 2. Nc3 Nc6 3. Nf3 Nf6 4. d4 exd4 5. Nxd4 Bc5 6. Nb3 Bb4 7. g3 O-O 8. Bg2 Ne5 9. O-O Bxc3 10. bxc3 Nxc4 11. Qd4 Nd6 12. Bf4 Nf5 13. Qd3 d5 14. Rab1 c6 15.
c4 dxc4 16. Qxc4 Be6 17. Qc2 Ne7 18. Nc5 b6 19. Nxe6 fxe6 20. Rfd1 Qc8 21. Bd6 Rf7 22. Bxe7 Rxe7 23. Qxc6 Qxc6 24. Bxc6 Rb8 25. Rd6 Rc8 26.
Rbd1 Kf7 27. Kg2 Rec7 28. Bf3 Rc2 29. a4 e5 30. Bb7 R8c7 31. Ba6 h6 32. Bd3 Ra2 33.
Bc4+ Rxc4 0-1